 Dungeon Crawl Stone Soup version 0.29-a0-243-g602b31c20e (webtiles) character file.

Game seed: 15121589110867316508

630 Ajdolov the Bolt Thrower (level 7, -11/56 HPs)
             Began as a Formicid Hunter on Mar 4, 2022.
             Mangled by a wyvern (15 damage)
             ... on level 5 of the Dungeon.
             The game lasted 00:05:40 (3690 turns).

Ajdolov the Bolt Thrower (Formicid Hunter)          Turns: 3690, Time: 00:05:41

Health: -11/56     AC:  5    Str: 17    XL:     7   Next: 77%
Magic:  7/7        EV: 11    Int: 10    God:
Gold:   99         SH:  0    Dex: 13    Spells: 6/6 levels left

rFire   + . .      SeeInvis +   a - +1 hand crossbow
rCold   . . .      Faith    .   (no shield)
rNeg    . . .      Spirit   .   b - +0 leather armour
rPois   .          Reflect  .   (helmet unavailable)
rElec   .          Harm     .   r - +0 cloak
rCorr   .          Rampage  .   (no gloves)
Will    +....                   v - +0 pair of boots
Stlth   +.........              (no amulet)
HPRegen 0.18/turn               j - ring of willpower
MPRegen 0.10/turn               w - ring of protection from fire

@: no status effects
A: permanent stasis, dig shafts and tunnels, antennae 3, four strong arms
a: Dig, Shaft Self


You were on level 5 of the Dungeon.
You visited 1 branch of the dungeon, and saw 5 of its levels.

You collected 119 gold pieces.
You spent 20 gold pieces at shops.

Inventory:

Hand Weapons
 a - a +1 hand crossbow (weapon)
Armour
 b - a +0 leather armour (worn)
 r - a +0 cloak (worn)
 v - a +0 pair of boots (worn)
Jewellery
 j - a ring of willpower (left hand)
 w - a ring of protection from fire (right hand)
Scrolls
 d - 5 scrolls of teleportation {unknown}
 h - 2 scrolls of immolation {unknown}
 i - a scroll of enchant weapon {unknown}
 k - 4 scrolls of amnesia {unknown}
 q - a scroll of fog {unknown}
 s - a scroll of identify
 t - 2 scrolls of brand weapon {unknown}
 u - a scroll of fear {unknown}
Potions
 c - 2 potions of curing {unknown}
 e - 3 potions of haste {unknown}
 f - 2 potions of ambrosia
 g - 2 potions of heal wounds {unknown}
 l - a potion of brilliance {unknown}
 m - a potion of magic {unknown}
 n - 2 potions of flight {unknown}
 o - a potion of cancellation {unknown}
 p - a potion of invisibility {unknown}


   Skills:
 + Level 5.3 Fighting
 * Level 7.6 Crossbows
 - Level 1.7 Dodging
 - Level 1.2 Stealth


You had 6 spell levels left.
You didn't know any spells.
Your spell library was empty.

Dungeon Overview and Level Annotations

Branches:
Dungeon (5/15)
 Temple: D:4-7

Altars:

Shops:
D:2 ?


Innate Abilities, Weirdness & Mutations

You cannot be hasted, slowed, berserked, paralysed or teleported.
You can dig through walls and to a lower floor.
You have a pair of large antennae on your head. (SInv)
Your four strong arms can wield two-handed weapons with a shield.


Message History

You shoot a bolt. The bolt hits the phantom!
You destroy the phantom!
No target in view!
Found a stone staircase leading up.
w - a ring of protection from fire
w - a ring of protection from fire (right hand)
k - 4 scrolls labelled EGARHO PENNUX (gained 1)
You now have 99 gold pieces (gained 9).
d - 5 scrolls labelled WIRIACLILICW (gained 2)
A wyvern comes into view.
You shoot a bolt. The bolt hits the wyvern.
The wyvern hisses angrily.
The wyvern is lightly wounded.
You shoot a bolt.
The bolt hits the wyvern but does no damage.
The wyvern is lightly wounded.
A jelly comes into view.
You shoot a bolt. The jelly quivers.
The bolt hits the wyvern.
The wyvern is lightly wounded.
The jelly jiggles.
A gnoll comes into view. It is wielding a +0 spear.
You shoot a bolt. The bolt barely misses the wyvern.
The wyvern bites you!
A gnoll comes into view. It is wielding a +0 club.
You shoot a bolt. The gnoll shouts!
The bolt hits the wyvern.
The wyvern is moderately wounded.
The wyvern bites you!
The wyvern bites you but does no damage.
A gnoll comes into view. It is wielding a +0 spear.
The wyvern bites you. The wyvern bites you!
* * * LOW HITPOINT WARNING * * *
The wyvern bites you!
* * * LOW HITPOINT WARNING * * *
There is a stone staircase leading up, spattered with blood here.
Okay, then.
The wyvern bites you!
You die...

#.....#
#####....#
#...<.##...#
#...##### #...
.. ## ##########
#........#
#..@.....#
#..l.....#
#.J......#
######....(...#
#g.{.g........#
.gg####........#
#........# {
#........#
#........#


You could see a wyvern, a jelly and a gnoll.

Vanquished Creatures
  A black bear (D:4)
  An ogre (D:5)
  A phantom (D:5)
  A necrophage (D:5)
  A scorpion (D:5)
  A hound (D:4)
  A jelly (D:5)
  Jessica (D:2)
  An orc wizard (D:5)
  6 adders
  2 ufetubi (D:5)
  A worm (D:2)
  A dart slug (D:1)
  6 orcs
  11 ball pythons
  4 bats
  10 endoplasms
  5 giant cockroaches
  6 goblins
  5 hobgoblins
  12 jackals
  2 quokkas (D:1)
  A frilled lizard (D:2)
  11 kobolds
  3 rats (D:1)
95 creatures vanquished.

Notes
Turn   | Place    | Note
-------+----------+-------------------------------------------
     0 | D:1      | Ajdolov the Formicid Hunter began the quest for the Orb.
     0 | D:1      | Reached XP level 1. HP: 16/16 MP: 1/1
    37 | D:1      | Reached XP level 2. HP: 23/23 MP: 2/2
   296 | D:1      | Reached XP level 3. HP: 28/28 MP: 3/3
   570 | D:1      | Found a faded altar of an unknown god.
   914 | D:2      | Reached XP level 4. HP: 35/35 MP: 4/4
   922 | D:2      | Reached skill level 5 in Crossbows
   999 | D:2      | Found Meadiclo's Magic Scroll Shop.
  1003 | D:2      | Bought a scroll of identify for 20 gold pieces
  1253 | D:2      | Noticed Jessica
  1272 | D:2      | Killed Jessica
  1491 | D:2      | Reached XP level 5. HP: 41/41 MP: 5/5
  2780 | D:4      | Noticed a black bear
  2789 | D:4      | Killed a black bear
  2790 | D:4      | Reached skill level 6 in Crossbows
  2790 | D:4      | Reached XP level 6. HP: 39/48 MP: 6/6
  3123 | D:4      | Noticed an orc warrior
  3216 | D:5      | Entered Level 5 of the Dungeon
  3465 | D:5      | Reached XP level 7. HP: 55/55 MP: 7/7
  3472 | D:5      | Reached skill level 7 in Crossbows
  3641 | D:5      | Reached skill level 5 in Fighting
  3680 | D:5      | Noticed a wyvern
  3690 | D:5      | Mangled by a wyvern

Illustrated notes

Levels and vault maps discovered:
D:1:      heliophobic_arrival_ceremonial_halls, layout_basic,
          shapermc_ecumenical_altar_ellora, minmay_domino_4
D:2:      layout_rooms, serial_shops, nicolae_shop_hallway_stairs,
          palyth_stone_intersect, uniq_jessica
D:3:      layout_basic, st_stairs_7
D:4:      layout_layer_cave, minmay_temple_entry_mist, serial_shops, shop
D:5:      layout_rooms

Skill      XL: |  1  2  3  4  5  6  7 |
---------------+----------------------+-----
Fighting       | 3 4 5 |  5.3
Crossbows      | 5 6 7 |  7.6
Dodging        | |  1.7
Stealth        | |  1.2

Action                   |  1- 3 |  4- 6 |  7- 9 || total
-------------------------+-------+-------+-------++-------
 Fire: Hand crossbow     |   103 |   210 |    21 ||   334
 Abil: Dig               |       |     1 |       ||     1
  Use: Scroll            |       |     1 |       ||     1
       Potion            |       |     1 |       ||     1
Armor: Leather armour    |     2 |    43 |     2 ||    47
Dodge: Dodged            |    20 |    84 |     4 ||   108

Table legend: (Time is in decaauts)
 A = Elapsed time spent in this place.
 B = Non-inter-level travel time spent in this place.
 C = Inter-level travel time spent in this place.
 D = Time resting spent in this place.
 E = Time spent auto-exploring this place.
 F = Levels seen in this place.
 G = Mean time per level.
                   A        B        C        D        E       F      G
               +--------+--------+--------+--------+--------+-----+--------+
         Total |   3770 |   3722 |     48 |    822 |   2114 |   5 |  754.0 |
       Dungeon |   3770 |   3722 |     48 |    822 |   2114 |   5 |  754.0 |
               +--------+--------+--------+--------+--------+-----+--------+

Top non-repeatable levels by time:
     D:3: 916 daAuts
     D:1: 811 daAuts
     D:4: 799 daAuts
     D:2: 758 daAuts
     D:5: 484 daAuts
